 Dungeon Crawl Stone Soup version 0.18-a0-1655-ge2d8d33 (webtiles) character file.

3425 dwasdwasdwas the Basher (level 10, -2/115 HPs)
             Began as an Ogre Berserker on Mar 29, 2016.
             Was an Elder of Trog.
             Slain by a hippogriff (6 damage)
             ... on level 9 of the Dungeon on Mar 30, 2016.
             The game lasted 03:59:38 (8189 turns).

dwasdwasdwas the Basher (Ogre Berserker)            Turns: 8189, Time: 03:59:41

Health: -2/115     AC:  3    Str: 26    XL:     10   Next: 5%
Magic:  10/10      EV: 11    Int:  6    God:    Trog [****..]
Gold:   487        SH:  0    Dex: 10    Spells: 0 memorised, 9 levels left

rFire  . . .     SeeInvis .     m - +1 giant spiked club
rCold  . . .     Gourm    .     b - +0 animal skin
rNeg   . . .     Faith    .     (shield currently unavailable)
rPois  .         Spirit   .     (helmet restricted)
rElec  .         Dismiss  .     (no cloak)
rCorr  .         Reflect  .     (gloves unavailable)
SustAt .         Harm     .     (boots unavailable)
MR     +++..     Rnd*Tele +     (no amulet)
Stlth  ..........               q - ring of teleportation
                                d - ring of loudness {1}

@: exhausted, regenerating, slowed, drained, very slow, extremely resistant to
hostile enchantments, extremely unstealthy
A: unfitting armour, tough skin 1
a: Berserk, Trog's Hand, Brothers in Arms, Burn Spellbooks, Renounce Religion


You were on level 9 of the Dungeon.
You worshipped Trog.
Trog was greatly pleased with you.
You were not hungry.

You visited 2 branches of the dungeon, and saw 10 of its levels.

You collected 487 gold pieces.

Inventory:

Hand Weapons
 m - a +1 giant spiked club (weapon)
 r - a cursed +3 mace
 C - a +1 mace of crushing
Missiles
 e - 233 stones (quivered)
 f - 22 poisoned needles
 v - 21 sling bullets
Armour
 b - a +0 animal skin (worn)
Jewellery
 d - a ring of loudness (left hand) {1}
 j - an uncursed ring of protection from magic {unknown}
 q - a ring of teleportation (right hand)
 s - an uncursed ring of fire {unknown}
 y - an uncursed ring of flight {unknown}
Wands
 g - a wand of paralysis (12/24)
 A - a wand of lightning (9/15)
 F - a wand of teleportation (3/9)
Scrolls
 a - a scroll of blinking
 n - 2 scrolls of fear
 o - 6 scrolls of fog
 p - 3 scrolls of teleportation
 t - 3 scrolls of identify
 D - a scroll of remove curse
Potions
 i - 2 potions of agility
 k - 3 potions of degeneration
 l - a potion of might
 x - a potion of cure mutation {unknown}
Books
 h - a book of Necromancy

   Spells                             Type                      Level
   a - Pain                           Necromancy                   1
   b - Animate Skeleton               Necromancy                   1
   c - Vampiric Draining              Necromancy                   3
   d - Regeneration                   Charms/Necromancy            3
   e - Animate Dead                   Necromancy                   4
   f - Control Undead                 Necromancy                   4
   Trog disapproves of the use of such an item.
Comestibles
 c - 8 royal jellies
 u - 2 slices of pizza
 w - 2 bread rations
 z - 10 fruits


   Skills:
 * Level 12.2(12.1) Fighting
 * Level 12.5 Maces & Flails
 - Level 2.7 Armour
 + Level 3.9(3.8) Dodging


You had 9 spell levels left.
You didn't know any spells.

Dungeon Overview and Level Annotations

Branches:
Dungeon (9/15)             Temple (0/1) D:6            Lair (1/8) D:8
    Orc: D:9-12

Altars:
Cheibriados
Dithmenos
Kikubaaqudgha
Pakellas
Qazlal
Trog
Vehumet
Yredelemnul
The Shining One

Shops:
D:8 %


Innate Abilities, Weirdness & Mutations

You are too large for most types of armour.
You have tough skin (AC +1).


Message History

* * * LOW HITPOINT WARNING * * *
The hippogriff claws you.
* * * LOW HITPOINT WARNING * * *
The hippogriff misses you. x2; The hippogriff claws you.
* * * LOW HITPOINT WARNING * * *
Your skin crawls.
You feel resistant to hostile enchantments.
You feel slightly more hungry. The hippogriff barely misses you.
The hippogriff pecks you!
* * * LOW HITPOINT WARNING * * *
The hippogriff claws you.
* * * LOW HITPOINT WARNING * * *
You barely miss the hippogriff.
The hippogriff is severely wounded.
The hippogriff closely misses you. The hippogriff pecks you!
* * * LOW HITPOINT WARNING * * *
The hippogriff barely misses you. The hippogriff bites you.
* * * LOW HITPOINT WARNING * * *
The hippogriff pecks you.
You die...

#......##......#
#.._...#.......#
#......#.#.....#
.##.####.....#.## .
#.####........#
.##.#......#.#.##
.#....(..#.#.#.# ####
....#.#<##...#.###....##
#.).#.#.##......@Hg..(..
...[.......########.#.#.
#...#.###.# ##.)....#.#
#..#.....#####
###............
#.......###.####.#
...>.............#
#......####.^#####


You could see a hippogriff and a gnoll.

Vanquished Creatures
  A spiny frog (D:8)
  A soldier ant (D:8)
  A porcupine (Lair:1)
  An orc warrior (D:7)
  A wasp (D:8)
  2 black bears (D:8)
  7 ogres
  A centaur (D:7)
  A big kobold (D:5)
  4 giant frogs
  A gnoll sergeant (D:9)
  A scorpion (D:4)
  2 wights (D:9)
  4 howler monkeys
  A crimson imp (D:5)
  4 hounds
  2 jellies
  4 orc priests
  7 orc wizards
  Jessica (D:3)
  An iguana (D:6)
  Natasha (D:3)
  8 worker ants
  A hound zombie (D:5)
  A hound skeleton (D:5)
  A howler monkey zombie (D:5)
  3 worker ant zombies
  Robin (D:3)
  4 gnolls (D:9)
  2 howler monkey skeletons (D:8)
  10 adders
  A shadow imp (D:5)
  An adder skeleton (D:5)
  4 worms
  A dart slug (D:1)
  3 giant geckos
  28 orcs
  A giant cockroach (D:7)
  13 goblins
  13 hobgoblins
  8 jackals
  3 quokkas
  5 ball pythons
  6 bats
  A giant gecko skeleton (D:6)
  6 giant newts
  7 kobolds
  2 quokka skeletons (D:5)
  10 rats
  2 bushes (D:8)
195 creatures vanquished.

Vanquished Creatures (collateral kills)
  A giant frog (D:7)
  A crimson imp (D:6)
  An orc (D:6)
3 creatures vanquished.

Grand Total: 198 creatures vanquished

Notes
Turn   | Place    | Note
--------------------------------------------------------------
     0 | D:1      | dwasdwasdwas the Ogre Berserker began the quest for the Orb.
     0 | D:1      | Reached XP level 1. HP: 24/24 MP: 1/1
   135 | D:1      | qr
   270 | D:1      | Reached XP level 2. HP: 23/32 MP: 2/2
   983 | D:2      | Reached XP level 3. HP: 40/40 MP: 3/3
  1167 | D:2      | Reached ** piety under Trog
  1210 | D:2      | Found a faded altar to an unknown god.
  1369 | D:2      | Reached skill level 5 in Maces & Flails
  1461 | D:2      | Found a glowing golden altar of the Shining One.
  1470 | D:2      | Reached skill level 5 in Fighting
  1470 | D:2      | Reached XP level 4. HP: 41/50 MP: 4/4
  1716 | D:2      | Found a radiant altar of Vehumet.
  1911 | D:2      | Found an ancient bone altar of Kikubaaqudgha.
  1914 | D:2      | Found a stormy altar of Qazlal.
  2213 | D:3      | Noticed Jessica
  2215 | D:3      | Killed Jessica
  2233 | D:3      | Noticed Robin
  2240 | D:3      | Killed Robin
  2240 | D:3      | Reached XP level 5. HP: 42/59 MP: 5/5
  2398 | D:3      | Reached *** piety under Trog
  2440 | D:3      | Found a shadowy altar of Dithmenos.
  2951 | D:3      | Noticed Natasha
  2955 | D:3      | Killed Natasha
  3323 | D:4      | Reached XP level 6. HP: 34/68 MP: 6/6
  3349 | D:4      | HP: 2/68 [ogre/giant spiked club (15)]
  3364 | D:4      | HP: 1/68 [orc wizard/magic dart (11)]
  3433 | D:4      | Reached skill level 1 in Armour
  3465 | D:4      | Reached XP level 7. HP: 29/78 MP: 7/7
  3823 | D:5      | Entered Level 5 of the Dungeon
  4061 | D:5      | Reached XP level 8. HP: 57/89 MP: 8/8
  5008 | D:6      | Found a staircase to the Ecumenical Temple.
  5093 | D:6      | Reached **** piety under Trog
  5163 | D:6      | HP: 4/93 [orc wizard/dagger (1)]
  5185 | D:6      | Reached skill level 10 in Fighting
  5188 | D:6      | Reached skill level 10 in Maces & Flails
  5623 | D:7      | Reached XP level 9. HP: 89/102 MP: 9/9
  5726 | D:7      | Upgraded the game from 0.18-a0-1649-g8d9735b to 0.18-a0-1655-ge2d8d33
  6190 | D:7      | Found an oddly glowing altar of Pakellas.
  6330 | D:8      | Found a bloodstained altar of Trog.
  6852 | D:8      | Found a snail-covered altar of Cheibriados.
  6866 | D:8      | Found Nunoj's Food Emporium.
  7036 | D:8      | Found a staircase to the Lair.
  7631 | Lair:1   | Entered Level 1 of the Lair of Beasts
  7631 | Lair:1   | Noticed a spiny frog
  7637 | D:8      | Killed a spiny frog
  8072 | D:9      | Found a basalt altar of Yredelemnul.
  8134 | D:9      | Reached XP level 10. HP: 115/115 MP: 10/10
  8189 | D:9      | HP: 4/115 [hippogriff (4)]
  8189 | D:9      | Slain by a hippogriff

Vault maps used:
D:1:      evilmike_arrival_rings
D:2:      grunt_temple_overflow_diamond, ecumenical_altar_1, first_bread,
          tso_altar
D:3:      lemuel_upstairs_altar, nicolae_dithmenos_through_a_glass_darkly,
          minivault_23, uniq_natasha, uniq_robin, uniq_jessica
D:6:      minmay_temple_entry_crystal_x, kennysheep_diamond
D:7:      grunt_pakellas_salt
D:8:      cheibriados_altar_1, trog_ov_bears_minmay, lair_0_dummy, serial_shops,
          shop, hangedman_pestilent_swarm, minmay_small_thing
D:9:      overflow_temple_1_default
Lair:1:   serial_bayou_shore_b

Skill      XL: |  1  2  3  4  5  6  7  8  9 |
---------------+----------------------------+-----
Dodging        | 3 |  3.9
Maces & Flails | 5 6 7 8 10 12 | 12.5
Fighting       | 5 6 7 8 10 12 | 12.2
Armour         | 1 2 |  2.7

Action                   |  1- 3 |  4- 6 |  7- 9 | 10-12 || total
-------------------------+-------+-------+-------+-------++-------
Melee: Mace              |   116 |   172 |       |       ||   288
       Giant spiked club |       |     7 |   262 |    23 ||   292
Throw: Stone             |     2 |     3 |       |       ||     5
Invok: Berserk           |     3 |     4 |     6 |     1 ||    14
       Trog's Hand       |       |     3 |     4 |     1 ||     8
       Brothers in Arms  |       |       |     2 |       ||     2
  Use: Scroll            |     3 |     7 |     8 |       ||    18
       Potion            |       |     8 |     2 |     2 ||    12
  Eat: Bread ration      |     2 |     1 |       |       ||     3
       Beef jerky        |     1 |       |     3 |       ||     4
       Meat ration       |       |     2 |     3 |       ||     5
       Royal jelly       |       |     1 |     1 |       ||     2
       Fruit             |       |       |     1 |       ||     1
